 Dungeon Crawl Stone Soup version 0.21.0-3-g78d12a8 (webtiles) character file.

3663 Gobbopathe the Martial Artist (level 10, -14/51 HPs)
             Began as a Vine Stalker Transmuter on Jan 10, 2018.
             Was an Initiate of Wu Jian.
             Demolished by a two-headed ogre
             ... wielding a +0 giant club
              (20 damage)
             ... on level 9 of the Dungeon.
             The game lasted 00:25:28 (8716 turns).

Gobbopathe the Martial Artist (VSTm)                Turns: 8716, Time: 00:25:33

Health: -14/51     AC:  2    Str: 13    XL:     10   Next: 12%
Magic:  0/20       EV: 19    Int: 20    God:    Wu Jian [......]
Gold:   399        SH:  0    Dex: 20    Spells: 10/21 levels left

rFire    + . .     SeeInvis .     - Unarmed
rCold    . . .     Gourm    .   (shield currently unavailable)
rNeg     . . .     Faith    .   (armour currently unavailable)
rPois    x         Spirit   +   (helmet currently unavailable)
rElec    .         Reflect  .   (cloak currently unavailable)
rCorr    .         Harm     .   (gloves currently unavailable)
MR       +....     Rnd*Tele +   (boots currently unavailable)
Stlth    ++........             (no amulet)
HPRegen  0.57/turn              w - +4 ring of intelligence
MPRegen  0.17/turn              G - ring of protection from fire

@: spider-form
A: tiny, regeneration 1, teleportitis 1, magic shield, no potion heal 3, rot
immunity, MP-powered wands
a: End Transformation, Renounce Religion


You were on level 9 of the Dungeon.
You worshipped Wu Jian.
Wu Jian was noncommittal.
You were not hungry.
You were a venomous arachnid creature.
You visited 2 branches of the dungeon, and saw 10 of its levels.

You collected 399 gold pieces.

Inventory:

Hand Weapons
 a - a +0 hunting sling
 F - a +0 whip of electrocution
Missiles
 i - 190 stones (quivered)
 k - 172 arrows
 l - 7 javelins of returning
 v - 46 sling bullets
 L - 3 tomahawks
Armour
 b - a +0 robe (melded)
 s - a +0 pair of boots (melded)
 t - a +0 cloak (melded)
 B - the +3 helmet of Imouh (melded) {rPois Str+3 Slay+2}
   (You found it on level 5 of the Dungeon)

   It affects your strength (+3).
   It affects your accuracy and damage with ranged weapons and melee attacks
   (+2).
   It protects you from poison.
 C - a cursed +0 pair of gloves (melded)
Jewellery
 w - a +4 ring of intelligence (left front leg)
 G - a ring of protection from fire (right front leg)
Wands
 I - a wand of disintegration (11)
Scrolls
 f - a scroll of noise {unknown}
 g - 4 scrolls of remove curse
 h - a scroll of amnesia {unknown}
 m - 7 scrolls of identify
 o - 3 scrolls of fear {unknown}
 r - a scroll of random uselessness {unknown}
 u - 3 scrolls of teleportation {unknown}
 x - a scroll of blinking {unknown}
 y - a scroll of acquirement {unknown}
 E - a scroll of fog {unknown}
Potions
 e - a potion of brilliance {unknown}
 j - 3 potions of lignification {unknown}
 n - a potion of cancellation {unknown}
 p - 3 potions of curing {unknown}
 q - 3 potions of flight {unknown}
 z - 2 potions of mutation {unknown}
 A - 2 potions of invisibility {unknown}
 D - a potion of degeneration {unknown}
 J - a potion of heal wounds {unknown}
 K - a potion of ambrosia {unknown}
Books
 c - a book of Changes

   Spells                             Type                      Level
   a - Beastly Appendage              Transmutation                1
   b - Sticks to Snakes               Transmutation                2
   c - Spider Form                    Transmutation/Poison         3
   d - Ice Form                       Ice/Transmutation            4
   e - Blade Hands                    Transmutation                5
 H - a book of Geomancy

   Spells                             Type                      Level
   a - Sandblast                      Earth                        1
   b - Passwall                       Transmutation/Earth          2
   c - Stone Arrow                    Conjuration/Earth            3
   d - Petrify                        Transmutation/Earth          4
   e - Lee's Rapid Deconstruction     Earth                        5
Comestibles
 d - 11 rations
 M - 16 chunks of flesh


   Skills:
 + Level 5.1 Fighting
 - Level 1.5 Dodging
 * Level 8.8 Unarmed Combat
 + Level 6.1 Spellcasting
 * Level 8.5 Transmutations


You had 10 spell levels left.
You knew the following spells:

 Your Spells              Type           Power        Failure   Level  Hunger
a - Beastly Appendage     Tmut           #####.       2%          1    None
b - Sticks to Snakes      Tmut           #####...     3%          2    None
c - Spider Form           Tmut/Pois      ###.......   16%         3    ##.....
d - Blade Hands           Tmut           #####.....   22%         5    #####..


Dungeon Overview and Level Annotations

Branches:
Dungeon (9/15)             Temple (1/1) D:7
   Lair: D:8-11         Orc: D:9-12

Altars:
Ashenzari
Cheibriados
Dithmenos
Elyvilon
Fedhas
Gozag
Hepliaklqana
Kikubaaqudgha
Makhleb
Nemelex Xobeh
Okawaru
Qazlal
Ru
Sif Muna
Trog
Uskayaw
Vehumet
Wu Jian
Xom
Yredelemnul
Zin
The Shining One

Shops:
D:4 (   D:7 *   D:8 }

Annotations:
D:5 Blork the orc
D:8 exclusion: door, Psyche


Innate Abilities, Weirdness & Mutations

((You have razor-sharp teeth.))
Your natural rate of healing is unusually fast.
When hurt, damage is shared between your health and your magic reserves.
((Your bite disrupts and absorbs the magic of your enemies.))
Potions cannot restore your health.
You are immune to rotting.
You are occasionally teleported next to monsters.
You expend magic power (3 MP) to strengthen your wands.


Message History

The two-headed ogre looks more healthy.
Casting: Spider Form
Confirm with . or Enter, or press ? or * to list all spells.
You turn into a venomous arachnid creature.
Your +0 cloak melds into your body.
The +3 helmet of Imouh {rPois Str+3 Slay+2} melds into your body.
Your cursed +0 pair of gloves melds into your body.
Your +0 pair of boots melds into your body.
Your +0 robe melds into your body.
You hit the two-headed ogre.
The two-headed ogre is poisoned.
The two-headed ogre is heavily wounded.
The two-headed ogre completely misses you.
The two-headed ogre barely misses you.
You hit the two-headed ogre but do no damage.
The two-headed ogre is heavily wounded.
The two-headed ogre hits you with a giant club!!
Ouch! That really hurt!
* * * LOW HITPOINT WARNING * * *
The two-headed ogre hits you with a giant club!!
You die...

#...#....<..#.#...#
#.......
#.#.#######.#.'.###
########
#.#.........#.### #
####'########## #
#........# # ########.#
# ######'#### #
#.........#############
#.<.รท.s...'............
#.....O...############.
#.........# #.
#.........# #.
#.........# ##.
#.........# #..
#.........# #.#
#........[# #.#
#.........# #.#


You could see a two-headed ogre.

Vanquished Creatures
  Pikel (D:7)
  Prince Ribbit (D:7)
  A hungry ghost (D:7)
  Menkaure (D:7)
  A water moccasin (D:9)
  2 orc warriors
  3 sky beasts
  2 phantoms (D:8)
  An eye of draining (D:8)
  2 ogres
  A crocodile (D:8)
  3 centaurs
  2 big kobolds
  A bullfrog (D:8)
  A scorpion (D:5)
  A howler monkey (D:6)
  4 crimson imps
  2 jellies
  A centaur zombie (D:8)
  5 orc priests
  3 bullfrog skeletons
  4 hounds
  3 orc wizards
  5 iguanas
  5 worker ants
  A hound skeleton (D:8)
  2 worker ant zombies
  A howler monkey skeleton (D:4)
  10 adders
  An adder zombie (D:7)
  7 worms
  3 dart slugs
  7 leopard geckos
  11 orcs
  6 bats
  8 giant cockroaches
  8 goblins
  9 hobgoblins
  8 jackals
  12 kobolds
  2 quokkas (D:3)
  2 ball pythons
  4 frilled lizards
  2 quokka skeletons
  10 rats
170 creatures vanquished.

Vanquished Creatures (others)
  A slave (D:7)
  Dowan (D:7)
  A crimson imp (D:7)
  An orc wizard (D:7)
4 creatures vanquished.

Grand Total: 174 creatures vanquished

Notes
Turn   | Place    | Note
-------+----------+-------------------------------------------
     0 | D:1      | Gobbopathe the Vine Stalker Transmuter began the quest for the Orb.
     0 | D:1      | Reached XP level 1. HP: 9/9 MP: 4/4
   134 | D:1      | Reached skill level 1 in Fighting
   453 | D:1      | Reached XP level 2. HP: 11/14 MP: 6/6
   983 | D:1      | Reached XP level 3. HP: 2/18 MP: 4/7
  1298 | D:1      | Learned a level 2 spell: Sticks to Snakes
  1302 | D:1      | Learned a level 3 spell: Spider Form
  2206 | D:2      | Found a shattered altar of Ashenzari.
  2647 | D:2      | Found a hide-covered altar of Uskayaw.
  2842 | D:2      | Gained mutation: Your natural rate of healing is unusually fast. [Vine Stalker growth]
  2842 | D:2      | Reached XP level 4. HP: 7/22 MP: 3/8
  3333 | D:3      | Reached XP level 5. HP: 7/26 MP: 6/10
  4052 | D:4      | Found Faycoank's Weapon Boutique.
  4339 | D:4      | Reached XP level 6. HP: 30/30 MP: 7/11
  4453 | D:4      | Learned a level 5 spell: Blade Hands
  4791 | D:5      | Entered Level 5 of the Dungeon
  4819 | D:5      | Noticed Blork the orc
  5055 | D:5      | Reached skill level 5 in Unarmed Combat
  5135 | D:5      | Reached XP level 7. HP: 35/35 MP: 6/13
  5329 | D:5      | Got a warped helmet
  5335 | D:5      | Identified the +3 helmet of Imouh {rPois Str+3 Slay+2} (You found it on level 5 of the Dungeon)
  5424 | D:5      | Found a sacrificial altar of Ru.
  6111 | D:6      | Reached skill level 5 in Transmutations
  6367 | D:7      | Gained mutation: You have razor-sharp teeth. [Vine Stalker growth]
  6367 | D:7      | Reached XP level 8. HP: 40/40 MP: 13/15
  6430 | D:7      | Noticed Menkaure
  6528 | D:7      | Killed Menkaure
  6596 | D:7      | Found a radiant altar of Vehumet.
  6597 | D:7      | Found a hazy altar of Hepliaklqana.
  6631 | D:7      | Noticed Pikel
  6637 | D:7      | Killed Pikel
  6660 | D:7      | Noticed Prince Ribbit
  6666 | D:7      | Killed Prince Ribbit
  6666 | D:7      | Reached skill level 5 in Spellcasting
  6666 | D:7      | Reached XP level 9. HP: 22/45 MP: 5/17
  6816 | D:7      | Found Noiluh's Assorted Antiques.
  6835 | D:7      | Killed Dowan
  6853 | D:7      | Found a staircase to the Ecumenical Temple.
  6859 | Temple   | Entered the Ecumenical Temple
  7341 | D:8      | Found Nonin's Gadget Shoppe.
  7362 | D:8      | Noticed Psyche
  7517 | D:8      | Found a blossoming altar of Fedhas.
  7847 | D:8      | Found an ancient bone altar of Kikubaaqudgha.
  7849 | D:8      | Found a burning altar of Makhleb.
  7852 | D:8      | Noticed a two-headed ogre
  8042 | D:8      | Found a shimmering altar of Xom.
  8046 | D:8      | Found an ornate altar of the Wu Jian Council.
  8048 | D:8      | Found a glowing golden altar of the Shining One.
  8053 | D:8      | Became a worshipper of the Wu Jian Council
  8116 | D:8      | Found a deep blue altar of Sif Muna.
  8363 | D:9      | Reached skill level 5 in Fighting
  8363 | D:9      | Reached XP level 10. HP: 46/51 MP: 7/19
  8368 | D:9      | Gained mutation: You are occasionally teleported next to monsters. [mutagenic glow]
  8484 | D:9      | Gained mutation: You expend magic power (3 MP) to strengthen your wands. [mutagenic glow]
  8670 | D:9      | Noticed a two-headed ogre
  8716 | D:9      | Demolished by a two-headed ogre

Skill      XL: |  1  2  3  4  5  6  7  8  9 10 |
---------------+-------------------------------+-----
Fighting       | 1 2 3 4 5 |  5.1
Transmutations | 3 4 5 7 8 |  8.5
Unarmed Combat | 4 5 7 8 |  8.8
Spellcasting   | 3 4 5 6 |  6.1
Dodging        | |  1.5

Action                   |  1- 3 |  4- 6 |  7- 9 | 10-12 || total
-------------------------+-------+-------+-------+-------++-------
Melee: Unarmed           |   139 |   208 |   184 |    49 ||   580
       Bite              |    21 |    46 |    39 |     3 ||   109
       Kick              |    10 |    18 |    11 |       ||    39
       Headbutt          |     8 |    16 |       |       ||    24
       Punch             |       |     1 |     6 |     1 ||     8
 Fire: Hunting sling     |       |       |     3 |       ||     3
Throw: Stone             |       |     7 |     4 |       ||    11
 Cast: Beastly Appendage |    26 |    34 |     8 |       ||    68
       Spider Form       |       |     6 |     5 |     3 ||    14
       Blade Hands       |       |       |    14 |     1 ||    15
Invok: Lunge             |       |       |     1 |     5 ||     6
  Use: Scroll            |       |     2 |       |       ||     2
 Stab: Sleeping          |     1 |     2 |       |       ||     3
       Distracted        |       |       |     1 |       ||     1
  Eat: Chunk             |     6 |     9 |    13 |     1 ||    29
       Ration            |       |       |     1 |       ||     1
Armor: Robe              |    17 |    32 |    25 |    10 ||    84
       Skin              |       |       |       |     2 ||     2
Dodge: Dodged            |    70 |   104 |    78 |    15 ||   267
